 Dungeon Crawl Stone Soup version 0.21.1-1-g345015f (webtiles) character file.

53 Heatsaber the Grave Robber (level 3, 0/17 HPs)
             Began as a Vine Stalker Necromancer on May 20, 2018.
             Slain by a killer bee (1 damage)
             ... on level 2 of the Dungeon.
             The game lasted 00:10:49 (1762 turns).

Heatsaber the Grave Robber (VSNe)                   Turns: 1762, Time: 00:10:49

Health: 0/17       AC:  6    Str: 11    XL:     3   Next: 87%
Magic:  0/7        EV: 11    Int: 15    God:
Gold:   40         SH:  0    Dex: 14    Spells: 2/7 levels left

rFire    . . .     SeeInvis .   d - +0 dagger
rCold    . . .     Gourm    .   (no shield)
rNeg     . . .     Faith    .   p - +0 ring mail
rPois    .         Spirit   +   m - +0 helmet
rElec    .         Reflect  .   (no cloak)
rCorr    .         Harm     .   (no gloves)
MR       .....                  (no boots)
Stlth    ++........             (no amulet)
HPRegen  0.05/turn              (no ring)
MPRegen  0.10/turn              (no ring)

@: no status effects
A: fangs 2, magic shield, antimagic bite, no potion heal 3, rot immunity
a: no special abilities


You were on level 2 of the Dungeon.
You were not hungry.

You visited 1 branch of the dungeon, and saw 2 of its levels.

You collected 40 gold pieces.

Inventory:

Hand Weapons
 d - a +0 dagger (weapon)
 n - a +0 short sword
Armour
 a - a +0 robe
 m - a +0 helmet (worn)
 p - a +0 ring mail (worn)
Scrolls
 h - a scroll of noise {unknown}
 j - a scroll of immolation {unknown}
 k - a scroll of teleportation {unknown}
 l - 2 scrolls of fear {unknown}
 q - a scroll of remove curse {unknown}
Potions
 e - a potion of curing {unknown}
 f - 2 potions of heal wounds {unknown}
 g - a potion of agility {unknown}
Books
 b - a book of Necromancy

   Spells                             Type                      Level
   a - Pain                           Necromancy                   1
   b - Animate Skeleton               Necromancy                   1
   c - Vampiric Draining              Necromancy                   3
   d - Regeneration                   Charms/Necromancy            3
   e - Animate Dead                   Necromancy                   4
   f - Borgnjor's Vile Clutch         Necromancy/Earth             5
Comestibles
 c - 4 rations
 o - 6 chunks of flesh


   Skills:
 + Level 0.9 Fighting
 + Level 1.0 Short Blades
 + Level 0.2 Armour
 + Level 2.0 Dodging
 - Level 3.0 Stealth
 + Level 2.5 Spellcasting
 + Level 4.2 Necromancy


You had 2 spell levels left.
You knew the following spells:

 Your Spells              Type           Power        Failure   Level  Hunger
a - Pain                  Necr           ##..         9%          1    #......
b - Animate Skeleton      Necr           N/A          9%          1    #......
c - Vampiric Draining     Necr           ##........   26%         3    ###....


Dungeon Overview and Level Annotations

Branches:
Dungeon (2/15)

Altars:


Innate Abilities, Weirdness & Mutations

You have extremely sharp teeth.
When hurt, damage is shared between your health and your magic reserves.
Your bite disrupts and absorbs the magic of your enemies.
Potions cannot restore your health.
You are immune to rotting.


Message History

Your adder skeleton closely misses the killer bee.
The killer bee stings your adder skeleton.
Your adder skeleton is destroyed!
The killer bee stings you but does no damage.
Casting: Pain
Confirm with . or Enter, or press ? or * to list all spells.
Aiming: Pain
Press: ? - help, Shift-Dir - straight line, f/p - killer bee
Aim: a killer bee (almost dead, chance to defeat MR: 79%)
The killer bee writhes in agony!
The killer bee stings you.
* * * LOW HITPOINT WARNING * * *
The killer bee stings you.
* * * LOW HITPOINT WARNING * * *
Casting: Pain
Confirm with . or Enter, or press ? or * to list all spells.
You don't have enough magic to cast that spell.
As you read the scroll labeled USI DUOJEOSISM, it crumbles to dust.
The scroll dissolves into smoke.
It was a scroll of fog.
The killer bee stings you.
You die...

######################
#yyyy@ยงยง.)...ZZZ......
#.####################
#.# #y# #y# #y# #### #y#
.... #.# #### #.#


You could see 2 killer bees.

Vanquished Creatures
  An adder (D:2)
  2 oozes
  A dart slug (D:2)
  6 bats
  2 giant cockroaches (D:1)
  3 hobgoblins (D:1)
  6 kobolds (D:1)
  5 goblins
  3 rats (D:1)
29 creatures vanquished.

Vanquished Creatures (collateral kills)
  A dart slug (D:2)
1 creature vanquished.

Grand Total: 30 creatures vanquished

Notes
Turn   | Place    | Note
-------+----------+-------------------------------------------
     0 | D:1      | Heatsaber the Vine Stalker Necromancer began the quest for the Orb.
     0 | D:1      | Reached XP level 1. HP: 9/9 MP: 4/4
   637 | D:1      | Reached XP level 2. HP: 13/13 MP: 4/6
   640 | D:1      | Learned a level 1 spell: Animate Skeleton
  1141 | D:1      | Reached XP level 3. HP: 17/17 MP: 7/7
  1571 | D:2      | Learned a level 3 spell: Vampiric Draining
  1688 | D:2      | Reached skill level 1 in Short Blades
  1750 | D:2      | Noticed a killer bee
  1750 | D:2      | Noticed a killer bee
  1751 | D:2      | Noticed a killer bee
  1752 | D:2      | Noticed a killer bee
  1753 | D:2      | Noticed a killer bee
  1762 | D:2      | Slain by a killer bee

Skill      XL: |  1  2  3 |
---------------+----------+-----
Stealth        | 3 |  3.0
Dodging        | 2 |  2.0
Short Blades   | 1 |  1.0
Fighting       | |  0.9
Armour         | |  0.2
Spellcasting   | |  2.5
Necromancy     | |  4.2

Action                   || total
-------------------------++-------
Melee: Unarmed           ||     9
       Bite              ||    17
       Dagger            ||    29
 Cast: Pain              ||    37
       Animate Skeleton  ||     5
  Use: Scroll            ||     1
 Stab: Sleeping          ||     8
  Eat: Chunk             ||     3
Armor: Robe              ||    11
       Ring mail         ||    12
Dodge: Dodged            ||    30
